Selects Airborne Battlegroup
Construct Weapon Support Center
Selects Paratrooper Squad Paradrop
Paratrooper Squad Paradrop
Construct Medical Station
Paratrooper Squad Paradrop
Selects Anti-tank Gun Team Paradrop
Anti-tank Gun Team Paradrop
Mechanized Support Center
Anti-tank Gun Team Paradrop
Selects Carpet Bombing Run
Paratrooper Squad Paradrop
M4A1(76) Sherman Medium Tank
Anti-tank Gun Team Paradrop
M4A1(76) Sherman Medium Tank
Anti-tank Gun Team Paradrop